 Dungeon Crawl Stone Soup version 0.27-a0-1140-g099f9bb0e8 (webtiles) character file.

Game seed: 3991238160675567425

41 ardl the Skirmisher (level 3, -2/30 HPs)
             Began as a Formicid Monk on May 10, 2021.
             Slain by an adder (4 damage)
             ... on level 2 of the Dungeon.
             The game lasted 00:01:24 (1299 turns).

ardl the Skirmisher (Formicid Monk)                 Turns: 1299, Time: 00:01:25

Health: -2/30      AC:  2    Str: 16    XL:     3   Next: 75%
Magic:  3/3        EV: 12    Int:  9    God:
Gold:   17         SH:  0    Dex: 13    Spells: 2/2 levels left

rFire    . . .     SeeInvis +   a - +0 mace
rCold    . . .     Faith    .   (no shield)
rNeg     . . .     Spirit   .   b - +0 robe
rPois    .         Reflect  .   (helmet unavailable)
rElec    .         Harm     .   (no cloak)
rCorr    .         Rampage  .   (no gloves)
Will     .....                  (no boots)
Stlth    ++........             (no amulet)
HPRegen  0.10/turn              (no ring)
MPRegen  0.08/turn              (no ring)

@: no status effects
A: permanent stasis, dig shafts and tunnels, antennae 3, four strong arms
a: Dig, Shaft Self


You were on level 2 of the Dungeon.
You visited 1 branch of the dungeon, and saw 2 of its levels.

You collected 17 gold pieces.

Inventory:

Hand Weapons
 a - a +0 mace (weapon)
Armour
 b - a +0 robe (worn)
Scrolls
 c - 2 scrolls of identify {unknown}


   Skills:
 - Level 4.0 Fighting
 + Level 4.0 Maces & Flails
 - Level 2.6 Dodging
 - Level 2.4 Stealth


You had 2 spell levels left.
You didn't know any spells.
Your spell library was empty.

Dungeon Overview and Level Annotations

Branches:
Dungeon (2/15)

Altars:


Innate Abilities, Weirdness & Mutations

You cannot be hasted, slowed, berserked, paralysed or teleported.
You can dig through walls and to a lower floor.
You have a pair of large antennae on your head. (SInv)
Your four strong arms can wield two-handed weapons with a shield.


Message History

You hit the dart slug.
Health restored: 30 You thump the dart slug!
You kill the dart slug!
Your Maces & Flails skill increases to level 4!
The adder bites you.
You are poisoned.
The adder poisons you!
You take 1 damage, and have 29/30 hp.
You hit the adder.
You feel sick. The adder bites you. The adder closely misses you.
You take 5 damage, and have 24/30 hp.
You barely miss the adder.
You feel sick. The adder barely misses you.
You take 1 damage, and have 23/30 hp.
You closely miss the adder.
You feel sick. The adder bites you.
You are more poisoned.
The adder poisons you! The adder bites you.
You take 6 damage, and have 17/30 hp.
You are too injured to fight recklessly!
You are too injured to fight recklessly!
You are too injured to fight recklessly!
Unknown command.
You closely miss the adder.
You feel sick. The adder bites you but does no damage.
You take 2 damage, and have 15/30 hp.
You hit the adder but do no damage.
You feel sick. The adder barely misses you. x2
You take 2 damage, and have 13/30 hp.
You closely miss the adder.
You feel sick. The adder bites you.
* * * LOW HITPOINT WARNING * * *
You take 5 damage, and have 8/30 hp.
You hit the adder.
You feel sick. The adder barely misses you. The adder bites you.
* * * LOW HITPOINT WARNING * * *
You take 4 damage, and have 4/30 hp.
You closely miss the adder.
You feel sick. The adder misses you.
You take 1 damage, and have 3/30 hp.
You miss the adder.
You feel sick.
You are no longer poisoned.
The adder bites you.
You die...

#<#..# #.#..# .
#.#..# #+# .# .
#....# #.###.#..
#.####.#####.#.....)
#..........#.#......
####................
#.#.......S......
#.#.###.#@#.....
#.#.# #.#.# .#. #
#.# #+#.# #.# ..#
#.. ...# ....#
#....# ##.... #.#..


You could see an adder.

Vanquished Creatures
  2 dart slugs
  2 endoplasms (D:1)
  A giant cockroach (D:1)
  5 goblins (D:1)
  7 hobgoblins (D:1)
  4 kobolds (D:1)
  2 quokkas (D:1)
  6 ball pythons (D:1)
  A bat (D:1)
  A frilled lizard (D:1)
  3 rats (D:1)
34 creatures vanquished.

Notes
Turn   | Place    | Note
-------+----------+-------------------------------------------
     0 | D:1      | ardl the Formicid Monk began the quest for the Orb.
     0 | D:1      | Reached XP level 1. HP: 18/18 MP: 1/1
    84 | D:1      | Reached XP level 2. HP: 11/24 MP: 2/2
   568 | D:1      | Reached XP level 3. HP: 30/30 MP: 3/3
   845 | D:1      | Found a faded altar of an unknown god.
  1299 | D:2      | Slain by an adder

Illustrated notes

Levels and vault maps discovered:
D:1:      minmay_arrival_glassed_features, layout_basic,
          hellmonk_ecumenical_altar_crossroads, minmay_strange_pillars
D:2:      layout_basic

Skill      XL: |  1  2  3 |
---------------+----------+-----
Fighting       | 4 |  4.0
Maces & Flails | 4 |  4.0
Dodging        | |  2.6
Stealth        | |  2.4

Action                   || total
-------------------------++-------
Melee: Mace              ||    85
 Stab: Sleeping          ||     7
Armor: Robe              ||    17
Dodge: Dodged            ||    53

Table legend: (Time is in decaauts)
 A = Elapsed time spent in this place.
 B = Non-inter-level travel time spent in this place.
 C = Inter-level travel time spent in this place.
 D = Time resting spent in this place.
 E = Time spent auto-exploring this place.
 F = Levels seen in this place.
 G = Mean time per level.
                   A        B        C        D        E       F      G
               +--------+--------+--------+--------+--------+-----+--------+
         Total |   1317 |   1309 |      8 |     11 |   1077 |   2 |  658.5 |
       Dungeon |   1317 |   1309 |      8 |     11 |   1077 |   2 |  658.5 |
               +--------+--------+--------+--------+--------+-----+--------+

Top non-repeatable levels by time:
     D:1: 1285 daAuts
     D:2: 32 daAuts
